 Dungeon Crawl Stone Soup version 0.27-a0-1090-gb115f176c6 (webtiles) character file.

Game seed: 9835453591511806302

213 voltaire321 the Shield-Bearer (level 5, -1/34 HPs)
             Began as a Gargoyle Fighter on Apr 28, 2021.
             Slain by Blork the orc
             ... wielding a +0 flail
              (8 damage)
             ... on level 3 of the Dungeon.
             The game lasted 00:07:42 (3392 turns).

voltaire321 the Shield-Bearer (Gargoyle Fighter)    Turns: 3392, Time: 00:07:43

Health: -1/34      AC: 13    Str: 21    XL:     5   Next: 90%
Magic:  5/5        EV:  5    Int:  8    God:
Gold:   26         SH:  9    Dex:  9    Spells: 4/4 levels left

rFire    . . .     SeeInvis .   a - +0 flail
rCold    . . .     Faith    .   c - +0 kite shield
rNeg     + . .     Spirit   .   o - +0 chain mail
rPois    ∞         Reflect  .   (no helmet)
rElec    +         Harm     .   (no cloak)
rCorr    .         Rampage  .   (no gloves)
Will     .....                  (no boots)
Stlth    ..........             (no amulet)
HPRegen  0.11/turn              (no ring)
MPRegen  0.09/turn              (no ring)

@: no status effects
A: AC +4, negative energy resistance 1, electricity resistance, torment
resistance 1, unbreathing 1, petrification resistance
a: no special abilities


You were on level 3 of the Dungeon.
You visited 1 branch of the dungeon, and saw 4 of its levels.

You collected 48 gold pieces.
You spent 22 gold pieces at shops.

Inventory:

Hand Weapons
 a - a +0 flail (weapon)
Armour
 c - a +0 kite shield (worn)
 o - a +0 chain mail (worn)
Wands
 n - a wand of iceblast (15)
Scrolls
 b - a scroll of fog {unknown}
 f - 4 scrolls of identify
 h - a scroll of summoning {unknown}
 i - a scroll of vulnerability {unknown}
 l - a scroll of silence {unknown}
Potions
 d - a potion of might
 e - 3 potions of curing {unknown}
 g - a potion of flight {unknown}
 j - 2 potions of haste {unknown}
 k - a potion of heal wounds {unknown}
 m - a potion of degeneration {unknown}


   Skills:
 + Level 4.4 Fighting
 + Level 3.3 Maces & Flails
 + Level 4.4 Armour
 + Level 4.5 Shields


You had 4 spell levels left.
You didn't know any spells.
Your spell library contained the following spells:

 Spells                   Type           Power      Damage    Failure   Level
 Confusing Touch          Hex            0%         N/A       100%        3
 Gell's Gravitas          Tloc           0%         N/A       100%        3
 Petrify                  Tmut/Erth      0%         N/A       100%        4
 Metabolic Englaciation   Hex/Ice        0%         N/A       100%        5
 Yara's Violent Unravell  Hex/Tmut       0%         3d3       100%        5


Dungeon Overview and Level Annotations

Branches:
Dungeon (4/15)
 Temple: D:4-7

Altars:
Elyvilon
Gozag
Makhleb
Ru
Xom

Shops:
D:1 ?

Annotations:
D:3 Blork the orc


Innate Abilities, Weirdness & Mutations

Your stone body is resilient. (AC +4)
You are immune to poison.
You resist negative energy. (rN+)
You are resistant to electric shocks. (rElec)
You are resistant to unholy torment.
You can survive without breathing.
You are immune to petrification.


Message History

Blork the orc flickers and vanishes!
Deactivating autopickup; reactivate with Ctrl-A.
You hit the goblin but do no damage.
The goblin is severely wounded.
You block the goblin's attack. You block the scorpion zombie's attack.
The goblin hits you but does no damage. The scorpion zombie hits you.
You miss the goblin.
The goblin is severely wounded.
Something hits you! Something hits you but does no damage.
The goblin barely misses you.
The scorpion zombie hits you but does no damage.
Something hits you but does no damage. You block the goblin's attack.
Something hits you. The goblin hits you but does no damage.
You block something's attack. Something hits you but does no damage.
Something hits you but does no damage.
There is a stone staircase leading up here.
Something hits you but does no damage.
You climb upwards.
Reactivating autopickup.
There is a stone staircase leading down here.
Deactivating autopickup; reactivate with Ctrl-A.
Your chain mail prevents you from hitting something.
Something hits you.
Something hits you but does no damage. x2
You closely miss something.
Something hits you but does no damage. x2
You sock something!
You hear some strange, mumbled words.
A puff of flame appears from out of thin air!
The puff of flame misses you. Something hits you!
* * * LOW HITPOINT WARNING * * *
You miss something. Something hits you.
* * * LOW HITPOINT WARNING * * *
You hear some strange, mumbled words.
A puff of flame appears from out of thin air!
The puff of flame hits you but does no damage.
You closely miss something. Something hits you.
* * * LOW HITPOINT WARNING * * *
Something hits you!
You die...

####.###..#...#≈≈#...#..##
#.# #...###≈..≈###....##
#.# #...............#...
#.# #.######....#......#
#.###.#####....#...###..
#.#.#.#.#.#.#.##†### ###
#................# #
#.#.....{.####.###
#......@...# #.#
#.#.......####.#
#..........#...#
#.#.......##.#### ##
#...............#######.
#.#.#.#.#.#.....##......
#...##.................#
#......######...##......
#.#.#### ###.......P.


There were no monsters in sight!

Vanquished Creatures
  Ijyb (D:3)
  A scorpion zombie (D:3)
  An orc wizard (D:3)
  A hound skeleton (D:3)
  Robin (D:2)
  3 adders
  An adder skeleton (D:3)
  2 worms (D:2)
  A dart slug (D:2)
  3 orcs (D:3)
  6 ball pythons
  8 endoplasms
  A giant cockroach (D:1)
  11 goblins
  11 hobgoblins
  4 jackals (D:3)
  4 kobolds
  A quokka (D:1)
  5 bats
  2 frilled lizards (D:1)
  A quokka skeleton (D:3)
  3 rats
72 creatures vanquished.

Notes
Turn   | Place    | Note
-------+----------+-------------------------------------------
     0 | D:1      | voltaire321 the Gargoyle Fighter began the quest for the
                  | Orb.
     0 | D:1      | Reached XP level 1. HP: 14/14 MP: 1/1
   192 | D:1      | Reached XP level 2. HP: 10/19 MP: 2/2
   849 | D:1      | Found Odaos's Magic Scroll Emporium.
   871 | D:1      | Bought a scroll of identify for 22 gold pieces
  1137 | D:1      | Reached XP level 3. HP: 23/23 MP: 3/3
  1228 | D:2      | Noticed Robin
  1634 | D:1      | Reached XP level 4. HP: 24/29 MP: 4/4
  1724 | D:2      | Killed Robin
  2506 | D:3      | Reached XP level 5. HP: 29/33 MP: 5/5
  2560 | D:3      | Noticed Ijyb
  2594 | D:3      | Killed Ijyb
  2944 | D:3      | Found a faded altar of an unknown god.
  3109 | D:3      | Found a burning altar of Makhleb.
  3113 | D:3      | Found a white marble altar of Elyvilon.
  3113 | D:3      | Found a sacrificial altar of Ru.
  3126 | D:3      | Found a shimmering altar of Xom.
  3129 | D:3      | Found an opulent altar of Gozag.
  3373 | D:4      | Noticed Blork the orc
  3392 | D:3      | Slain by Blork the orc

Illustrated notes

Levels and vault maps discovered:
D:1:      lemuel_arrival_muddy, layout_basic, serial_shops,
          nicolae_shop_waterfront, hangedman_glass_teeth, minmay_tetromino_s4
D:2:      layout_rooms, uniq_robin
D:3:      layout_rooms, minmay_overflow_temple_star_hex,
          chequers_ecumenical_altar_twisty, serial_undead, serial_undead_d,
          serial_undead_e, serial_undead_f, serial_undead_c,
          minmay_misc_feat_square, st_stairs_4, kennysheep_crisscross,
          fountainhead, minivault_11, uniq_ijyb
D:4:      layout_cave_pools, ebering_ghost_rock_garden, uniq_duvessa,
          uniq_blork_the_orc, uniq_crazy_yiuf_cottage

Skill      XL: |  1  2  3  4 |
---------------+-------------+-----
Shields        | 4 |  4.5
Fighting       | 4 |  4.4
Armour         | 4 |  4.4
Maces & Flails | 3 |  3.3

Action                   |  1- 3 |  4- 6 || total
-------------------------+-------+-------++-------
Melee: Flail             |   110 |   170 ||   280
Armor: Scale mail        |    79 |    85 ||   164
       Chain mail        |       |    17 ||    17
Dodge: Dodged            |    53 |    42 ||    95
Block: Kite shield       |    79 |    89 ||   168

Table legend: (Time is in decaauts)
 A = Elapsed time spent in this place.
 B = Non-inter-level travel time spent in this place.
 C = Inter-level travel time spent in this place.
 D = Time resting spent in this place.
 E = Time spent auto-exploring this place.
 F = Levels seen in this place.
 G = Mean time per level.
                   A        B        C        D        E       F      G
               +--------+--------+--------+--------+--------+-----+--------+
         Total |   3532 |   3403 |    129 |    570 |   2061 |   4 |  883.0 |
       Dungeon |   3532 |   3403 |    129 |    570 |   2061 |   4 |  883.0 |
               +--------+--------+--------+--------+--------+-----+--------+

Top non-repeatable levels by time:
     D:1: 1763 daAuts
     D:3: 1100 daAuts
     D:2: 632 daAuts
     D:4: 35 daAuts
